 Dungeon Crawl Stone Soup version 0.15-a0-809-g8e1b895 (webtiles) character file.

273 4tharraofdagon the Changer (level 6, -11/35 HPs)
             Began as a Kobold Transmuter on May 14, 2014.
             Was a Believer of Cheibriados.
             Mangled by Pikel
             ... wielding a +1,+2 whip of electrocution
              (14 damage)
             ... on Level 5 of the Dungeon.
             The game lasted 00:13:00 (2007 turns).

4tharraofdagon the Changer (Kobold Transmuter)      Turns: 2007, Time: 00:13:00

HP -11/35        AC  6     Str 14      XL: 6   Next: 48%
MP  15/20        EV 17     Int 16      God: Cheibriados [**....]
Gold 118         SH  0     Dex 23      Spells:  3 memorised,  1 level left

rFire  . . .     SeeInvis .       - Unarmed
rCold  . . .     Clarity  .     x - +2 robe {rN+}
rNeg   + . .     Conserve .     (no shield)
rPois  .         rCorr    .     q - +0 helmet
rElec  .         rRot     .     i - +0 cloak (curse)
SustAb . .       Spirit   .     (no gloves)
rMut   .         Warding  .     (no boots)
Gourm  .         Stasis   .     (no amulet)
MR     +....                    C - ring of magical power
                                o - ring of protection from magic

@: very slightly contaminated, very slow, somewhat resistant to hostile
enchantments, unstealthy
A: disease resistance, carnivore 3
a: Bend Time, Renounce Religion


You were on level 5 of the Dungeon.
You worshipped Cheibriados.
Cheibriados was pleased with you.
You were very full.

You visited 2 branches of the dungeon, and saw 7 of its levels.

You collected 118 gold pieces.

Inventory:

Hand weapons
 f - a +0 blowgun
Missiles
 b - 12 arrows
 l - 6 poisoned needles
 u - a poisoned dart (quivered)
 y - 6 stones
 z - 3 tomahawks of returning
Armour
 c - a +0 robe
 i - a cursed +0 cloak (worn)
 q - a +0 helmet (worn)
 x - a +2 robe of positive energy (worn)
Comestibles
 a - 2 meat rations
Scrolls
 e - 3 scrolls of blinking
 g - 2 scrolls of remove curse {unknown}
 h - a scroll of enchant weapon I {unknown}
 m - a scroll of random uselessness {unknown}
 r - 2 scrolls of fog {unknown}
 v - a scroll of immolation {unknown}
 w - a scroll of enchant armour {unknown}
 A - a scroll of teleportation {unknown}
 B - a scroll of fear
Jewellery
 o - a ring of protection from magic (left hand)
 s - an uncursed ring of positive energy
 C - a ring of magical power (right hand)
Potions
 n - a potion of curing
 p - a potion of brilliance
 t - a potion of restore abilities
Books
 d - a book of Changes

   Spells                             Type                      Level
   *Beastly Appendage                 Transmutation                1
   Sticks to Snakes                   Transmutation                2
   *Spider Form                       Transmutation/Poison         3
   Ice Form                           Ice/Transmutation            4
   *Blade Hands                       Transmutation                5


   Skills:
 + Level 2.2 Fighting
 + Level 3.2 Dodging
 * Level 3.8 Unarmed Combat
 + Level 2.6 Spellcasting
 * Level 4.3 Transmutations


You had one spell level left.
You knew the following spells:

 Your Spells              Type           Power        Failure   Level  Hunger
a - Beastly Appendage     Trmt           ###...       4%          1    #......
b - Spider Form           Trmt/Pois      #.........   28%         3    ###....
c - Blade Hands           Trmt           ###.......   91%         5    ######.


Dungeon Overview and Level Annotations

Branches:
Dungeon (6/15)             Temple (1/1) D:4

Altars:
Ashenzari
Cheibriados
Dithmenos
Elyvilon
Fedhas
Gozag
Kikubaaqudgha
Makhleb
Nemelex Xobeh
Okawaru
Qazlal
Sif Muna
Vehumet
Xom
Zin
The Shining One

Shops:
D:3 *

Annotations:
D:4 exclusion: 2 downstairs
D:5 Pikel


Innate Abilities, Weirdness & Mutations

You recuperate from illness quickly.
You are small and have problems with some larger weapons.
You are carnivorous and can eat meat at any time.


Message History

Pikel hits you but does no damage.
You hit Pikel.
Pikel is heavily wounded.
Pikel hits you but does no damage.
You are electrocuted!
* * * LOW HITPOINT WARNING * * *
Unknown command.
You smack Pikel!
Pikel is heavily wounded.
Unknown command.
Unknown command.
You hit Pikel.
Pikel is severely wounded.
You feel less woody.
Your cursed +0 cloak unmelds from your body.
Your +2 robe of positive energy unmelds from your body.
You feel more protected from negative energy.
Pikel hits you with a whip of electrocution.
* * * LOW HITPOINT WARNING * * *
You are electrocuted!
You die...

#...#....##.......# .....
g.# #.[.#....#......###
.... ... #........#......##
...... ..p
##.......#...##..##..###
..p #...##..#####.......>.#
..p ######..#
##.........###...
#####..####...../.........#
#...#.....##p....#.##...###
#.........@Kp....#.##.p.p<.
#.........##........#......
###.......#######...##p....
##......# ... #.K.##
....#### # #...# #...##
##### #...# #####


You could see Pikel and 2 slaves.

Vanquished Creatures
  2 slaves (D:5)
  2 jellies (D:5)
  A hound (D:5)
  An iguana (D:5)
  A worker ant (D:5)
  2 adders
  A giant mite (D:4)
  A worm (D:5)
  An adder zombie (D:5)
  3 oozes
  4 giant cockroaches
  10 hobgoblins
  12 kobolds
  3 quokkas
  A ball python (D:1)
  5 bats
  A giant gecko (D:5)
  A giant gecko skeleton (D:4)
  5 giant newts
  8 goblins
  A hobgoblin skeleton (D:4)
  6 jackals
  9 rats
  A rat skeleton (D:5)
82 creatures vanquished.

Notes
Turn   | Place    | Note
--------------------------------------------------------------
     0 | D:1      | 4tharraofdagon, the Kobold Transmuter, began the quest for the Orb.
     0 | D:1      | Reached XP level 1. HP: 12/12 MP: 3/3
    53 | D:1      | Reached XP level 2. HP: 13/16 MP: 4/4
   262 | D:4      | Found a sparkling altar of Nemelex Xobeh.
   398 | D:4      | Reached XP level 3. HP: 7/20 MP: 3/6
   412 | D:5      | Entered Level 5 of the Dungeon
   414 | D:5      | Noticed Pikel
   414 | D:5      | Noticed a slave
   414 | D:5      | Noticed a slave
   414 | D:5      | Noticed a slave
   466 | D:4      | Learned a level 3 spell: Spider Form
   468 | D:4      | Found a staircase to the Ecumenical Temple.
   476 | Temple   | Entered the Ecumenical Temple
   526 | Temple   | Became a worshipper of Cheibriados the Contemplative
   831 | D:3      | Found an opulent altar of Gozag.
   838 | D:3      | Found Gozag's Platinum Reserve.
  1001 | D:1      | Reached XP level 4. HP: 11/25 MP: 4/7
  1662 | D:5      | Noticed a slave
  1702 | D:5      | Reached XP level 5. HP: 26/29 MP: 2/9
  1798 | D:5      | Reached skill level 4 in Transmutations
  1827 | D:5      | Reached XP level 6. HP: 10/35 MP: 1/11
  1913 | D:5      | Learned a level 5 spell: Blade Hands
  1914 | D:6      | Noticed an orc warrior
  1960 | D:5      | Killed a slave
  1966 | D:5      | Killed a slave
  2007 | D:5      | Mangled by Pikel

Action                   |  1- 3 |  4- 6 || total
-------------------------+-------+-------++-------
Melee: Unarmed           |   110 |   194 ||   304
 Cast: Beastly Appendage |    17 |    10 ||    27
       Spider Form       |       |     9 ||     9
  Use: Scroll            |     5 |     2 ||     7
       Potion            |     2 |     4 ||     6

Vault maps used:
D:1:      onia_arrival_handbag, dk_noncrumbling_3
D:2:      first_bread
D:3:      grunt_ministairs_3, nicolae_gozag_zags_fifth_avenue
D:4:      nemelex_xobeh_ov_fountains_minmay, minmay_temple_entry_overgrown,
          trog_butcher_becter
D:5:      uniq_pikel
D:6:      lemuel_zombie_altar_yredelemnul, trog_ov_bears_minmay
Temple:   nicolae_temple_elliptical
